 Dungeon Crawl Stone Soup version 0.29-a0-323-g050149af67 (webtiles) character file.

Game seed: 12528238224684970303

188 Ajdolov the Ruffian (level 5, -3/47 HPs)
             Began as a Ghoul Monk on Apr 10, 2022.
             Killed from afar by a steam dragon (13 damage)
             ... with a ball of steam
             ... on level 4 of the Dungeon.
             The game lasted 00:03:36 (3339 turns).

Ajdolov the Ruffian (Ghoul Monk)                    Turns: 3339, Time: 00:03:36

Health: -3/47      AC:  6    Str: 17    XL:     5   Next: 67%
Magic:  4/4        EV: 10    Int:  5    God:
Gold:   120        SH:  0    Dex: 17    Spells: 4/4 levels left

rFire   . . .      SeeInvis .     - Unarmed
rCold   + . .      Faith    .   (no shield)
rNeg    + + +      Spirit   .   m - +0 scale mail
rPois   ∞          Reflect  .   (no helmet)
rElec   .          Harm     .   (no cloak)
rCorr   .          Rampage  .   (no gloves)
Will    .....                   (no boots)
Stlth   ..........              (no amulet)
HPRegen 0.00/turn               n - +6 ring of dexterity
MPRegen 0.09/turn               (no ring)

@: confused, ambrosia-drunk, inhibited regen
A: claws 1, cold resistance 1, negative energy resistance 3, inhibited
regeneration, torment resistance 2, devour on kill
a: no special abilities


You were on level 4 of the Dungeon.
You visited 1 branch of the dungeon, and saw 4 of its levels.

You collected 120 gold pieces.

Inventory:

Armour
 a - a +0 chain mail
 m - a +0 scale mail (worn)
Jewellery
 n - a +6 ring of dexterity (left claw)
Wands
 k - a wand of flame (23)
Scrolls
 c - 4 scrolls of identify {unknown}
 f - 2 scrolls of enchant weapon {unknown}
 h - a scroll of noise {unknown}
 i - 3 scrolls of teleportation {unknown}
 j - a scroll of immolation {unknown}
 o - 2 scrolls of fear {unknown}
Potions
 d - 2 potions of haste {unknown}
 e - 5 potions of heal wounds {unknown}
 g - a potion of curing {unknown}
 l - 2 potions of degeneration {unknown}


   Skills:
 + Level 4.6 Fighting
 - Level 2.6 Dodging
 - Level 2.1 Stealth
 * Level 5.9 Unarmed Combat


You had 4 spell levels left.
You didn't know any spells.
Your spell library was empty.

Dungeon Overview and Level Annotations

Branches:
Dungeon (4/15)
 Temple: D:4-7

Altars:
Vehumet


Innate Abilities, Weirdness & Mutations

You are immune to poison.
You have sharp fingernails.
Your flesh is cold resistant. (rC+)
You are immune to negative energy. (rN+++)
You do not regenerate when monsters are visible.
You are immune to unholy pain and torment.
You thrive by killing the living.


Message History

You claw the endoplasm!
You kill the endoplasm!
You feel better.
You now have 120 gold pieces (gained 1).
A dart slug comes into view.
A dart slug is nearby!
The steam dragon hisses angrily.
You claw the dart slug!
You kill the dart slug!
The steam dragon breathes steam at you. The ball of steam hits you!!
The steam dragon bites you. The steam dragon misses you.
You scratch the steam dragon but do no damage.
You closely miss the steam dragon. Your claw misses the steam dragon.
The steam dragon bites you.
The steam dragon claws you but does no damage.
Found a stone staircase leading up.
The steam dragon bites you but does no damage.
The steam dragon misses you.
You scratch the steam dragon but do no damage.
The steam dragon bites you but does no damage.
The steam dragon barely misses you.
A hobgoblin comes into view.
The hobgoblin shouts!
You scratch the steam dragon.
The steam dragon is lightly wounded.
The steam dragon bites you.
The steam dragon claws you but does no damage.
Okay, then.
You scratch the steam dragon but do no damage.
The steam dragon is lightly wounded.
The steam dragon bites you!
* * * LOW HITPOINT WARNING * * *
The steam dragon barely misses you.
Unknown command.
You are confused.
You feel invigorated. The steam dragon breathes steam at you.
The ball of steam hits you!
You die...

.#.........................#o#
.#.#########...#.#.#....####.#
.## ##....###..... ... .#
#.#.......#. ##o#. ##
###.#####.#. ..o.# #....# #.#.
... . ###..# .## .. #.#†.# #.
. #..@D# #....# #.......
#......... #...........
.g....#..... .......#.....
<.......#.....


You could see a steam dragon (catching breath) and a hobgoblin.

Vanquished Creatures
  A hound (D:3)
  6 adders
  2 worms (D:2)
  4 dart slugs
  5 orcs (D:3)
  5 ball pythons
  10 endoplasms
  3 giant cockroaches
  13 hobgoblins
  5 jackals
  2 quokkas
  4 bats
  3 frilled lizards (D:1)
  7 goblins
  6 kobolds
  4 rats (D:1)
80 creatures vanquished.

Notes
Turn   | Place    | Note
-------+----------+-------------------------------------------
     0 | D:1      | Ajdolov the Ghoul Monk began the quest for the Orb.
     0 | D:1      | Reached XP level 1. HP: 19/19 MP: 0/0
   150 | D:1      | Reached XP level 2. HP: 26/26 MP: 1/1
   411 | D:1      | Reached skill level 4 in Unarmed Combat
   724 | D:1      | Reached XP level 3. HP: 33/33 MP: 2/2
  1742 | D:2      | Reached XP level 4. HP: 40/40 MP: 3/3
  1851 | D:2      | Reached skill level 5 in Unarmed Combat
  2136 | D:3      | Found a radiant altar of Vehumet.
  2178 | D:3      | Reached XP level 5. HP: 40/47 MP: 4/4
  3000 | D:4      | Noticed a steam dragon
  3339 | D:4      | Killed from afar by a steam dragon

Illustrated notes

Levels and vault maps discovered:
D:1:      minmay_arrival_radiant_lines, layout_loops_ring,
          minmay_misc_feat_pillars
D:2:      layout_rooms, minmay_misc_feat_doors
D:3:      layout_loops_ring, nicolae_vehumet_radiance
D:4:      layout_basic, grunt_temple_overflow_diamond,
          pf_guarded_unrand_woodcutter

Skill      XL: |  1  2  3  4 |
---------------+-------------+-----
Unarmed Combat | 4 5 |  5.9
Fighting       | 4 |  4.6
Dodging        | |  2.6
Stealth        | |  2.1

Action                   |  1- 3 |  4- 6 || total
-------------------------+-------+-------++-------
Melee: Unarmed           |   111 |   145 ||   256
       Punch             |     1 |     3 ||     4
  Use: Potion            |       |     1 ||     1
 Stab: Sleeping          |     4 |     1 ||     5
Armor: Robe              |    14 |    13 ||    27
       Scale mail        |       |    11 ||    11
Dodge: Dodged            |    60 |    81 ||   141

Table legend: (Time is in decaauts)
 A = Elapsed time spent in this place.
 B = Non-inter-level travel time spent in this place.
 C = Inter-level travel time spent in this place.
 D = Time resting spent in this place.
 E = Time spent auto-exploring this place.
 F = Levels seen in this place.
 G = Mean time per level.
                   A        B        C        D        E       F      G
               +--------+--------+--------+--------+--------+-----+--------+
         Total |   3320 |   3190 |    130 |    345 |   2181 |   4 |  830.0 |
       Dungeon |   3320 |   3190 |    130 |    345 |   2181 |   4 |  830.0 |
               +--------+--------+--------+--------+--------+-----+--------+

Top non-repeatable levels by time:
     D:1: 1469 daAuts
     D:3: 977 daAuts
     D:2: 621 daAuts
     D:4: 252 daAuts
